MWL (24 & UNDER)
CINCINNATI PRIDE @ BEMIDJI BENDERS
08/27/2025
 
TOP OF THE 1ST
Cincinnati Pride batting - Pitching for Bemidji Benders : RHP David Nanod
Pitching: RHP David Nanod
Batting: LHB Gerardo Guzmán 0-0: Ball
1-0: Ball
2-0: Called Strike
2-1: Ball
3-1: Called Strike
3-2: Foul Ball, location: 2F
3-2: Ground out 4-3 (Groundball, 4M)
Batting: RHB Michael Skinner 0-0: Ball
1-0: Foul Ball, location: 2F
1-1: Swinging Strike
1-2: Strikes out swinging
Batting: LHB John Clark 0-0: Ball
1-0: Called Strike
1-1: Swinging Strike
1-2: Foul Ball, location: 2F
1-2: Ground out 3-1 (Groundball, 34)
Top of the 1st over - 0 run(s), 0 hit(s), 0 error(s), 0 left on base; Cincinnati 0 - Bemidji 0
BOTTOM OF THE 1ST
Bemidji Benders batting - Pitching for Cincinnati Pride : RHP Denver Gallegos
Pitching: RHP Denver Gallegos
Batting: RHB Nick Harris 0-0: Called Strike
0-1: Swinging Strike
0-2: Ball
1-2: Ball
2-2: Fly out, F8 (Line Drive, 8LM)
Batting: RHB Ken McDonald 0-0: Ball
1-0: Foul Ball, location: 2F
1-1: SINGLE (Groundball, 6MD)
Batting: LHB Tony O'Bryan 0-0: Ball
1-0: Ball
2-0: Ball
3-0: Base on Balls
Ken McDonald to second
Batting: SHB Dave Henley 0-0: Ball
1-0: Ball
2-0: Foul Ball, location: 2F
2-1: Ball
3-1: Fielders Choice at 2nd, 6-4 (Groundball, 6)
Ken McDonald to third
Batting: SHB Conan Hanson 0-0: Fly out, F6 (Popup, 6S)
Bottom of the 1st over - 0 run(s), 1 hit(s), 0 error(s), 2 left on base; Cincinnati 0 - Bemidji 0
TOP OF THE 2ND
Cincinnati Pride batting - Pitching for Bemidji Benders : RHP David Nanod
Batting: RHB Norris Howard 0-0: Swinging Strike
0-1: Swinging Strike
0-2: Ball
1-2: Foul Ball, location: 2F
1-2: Strikes out swinging
Batting: RHB Wilson Flores 0-0: Swinging Strike
0-1: Ball
1-1: Called Strike
1-2: Foul Ball, location: 2F
1-2: Ball
2-2: Fly out, F7 (Flyball, 7D)
Batting: LHB Ángel Tuzzi 0-0: Ball
1-0: Called Strike
1-1: Swinging Strike
1-2: Strikes out swinging
Top of the 2nd over - 0 run(s), 0 hit(s), 0 error(s), 0 left on base; Cincinnati 0 - Bemidji 0
BOTTOM OF THE 2ND
Bemidji Benders batting - Pitching for Cincinnati Pride : RHP Denver Gallegos
Batting: RHB Aaron Washington 0-0: Ball
1-0: Ball
2-0: Called Strike
2-1: Foul Ball, location: 2F
2-2: Ground out 4-3 (Groundball, 4)
Batting: LHB Jesús Raugel 0-0: Swinging Strike
0-1: Called Strike
0-2: Fly out, F7 (Flyball, 7LMF)
Batting: LHB Todd Anderson 0-0: Ball
1-0: Foul Ball, location: 2F
1-1: Swinging Strike
1-2: Ball
2-2: Ball
3-2: Base on Balls
Batting: RHB Roberto Solís 0-0: Called Strike
0-1: Ball
1-1: Ball
2-1: Ball
3-1: Base on Balls
Todd Anderson to second
Batting: RHB Nick Harris 0-0: Called Strike
0-1: Foul Ball, location: 2F
0-2: Foul Ball, location: 2F
0-2: SINGLE (Groundball, 4MD)
Todd Anderson to third
Roberto Solís to second
Runner from 3rd tries for Home, SAFE, no throw or cutoff
Batting: RHB Ken McDonald 0-0: Foul Ball, location: 2F
0-1: Fly out, F3 (Popup, 3SF)
Bottom of the 2nd over - 1 run(s), 1 hit(s), 0 error(s), 2 left on base; Cincinnati 0 - Bemidji 1
TOP OF THE 3RD
Cincinnati Pride batting - Pitching for Bemidji Benders : RHP David Nanod
Batting: RHB Randy Simons 0-0: Called Strike
0-1: Called Strike
0-2: Ball
1-2: Strikes out swinging
Batting: RHB Micheal Banks 0-0: Called Strike
0-1: Swinging Strike
0-2: Ball
1-2: Ball
2-2: Hit by Pitch
Batting: RHB Bartolo Montero 0-0: Ball
1-0: Swinging Strike
1-1: Ball
2-1: Foul Ball, location: 2F
2-2: Strikes out swinging
Batting: LHB Gerardo Guzmán 0-0: Fly out, F7 (Line Drive, 7M)
Top of the 3rd over - 0 run(s), 0 hit(s), 0 error(s), 1 left on base; Cincinnati 0 - Bemidji 1
BOTTOM OF THE 3RD
Bemidji Benders batting - Pitching for Cincinnati Pride : RHP Denver Gallegos
Batting: LHB Tony O'Bryan 0-0: Hit by Pitch
Batting: SHB Dave Henley 0-0: Called Strike
0-1: Foul Ball, location: 2F
0-2: Ball
1-2: Strikes out swinging
Batting: SHB Conan Hanson 0-0: Ball
1-0: Called Strike
1-1: Foul Ball, location: 2F
1-2: Fly out, F7 (Flyball, 78M)
Batting: RHB Aaron Washington 0-0: SINGLE (Groundball, 56) (infield hit)
Tony O'Bryan to second
Batting: LHB Jesús Raugel 0-0: Hit by Pitch
Tony O'Bryan to third
Aaron Washington to second
Batting: LHB Todd Anderson 0-0: Called Strike
0-1: Fly out, F4 (Popup, 4M)
Bottom of the 3rd over - 0 run(s), 1 hit(s), 0 error(s), 3 left on base; Cincinnati 0 - Bemidji 1
TOP OF THE 4TH
Cincinnati Pride batting - Pitching for Bemidji Benders : RHP David Nanod
Batting: RHB Michael Skinner 0-0: Ball
1-0: Swinging Strike
1-1: Foul Ball, location: 2F
1-2: Foul Ball, location: 2F
1-2: Strikes out swinging
Batting: LHB John Clark 0-0: Called Strike
0-1: Foul Ball, location: 2F
0-2: Ball
1-2: Fly out, F6 (Popup, 5DF)
Batting: RHB Norris Howard 0-0: Ball
1-0: Fly out, F7 (Flyball, 7D)
Top of the 4th over - 0 run(s), 0 hit(s), 0 error(s), 0 left on base; Cincinnati 0 - Bemidji 1
BOTTOM OF THE 4TH
Bemidji Benders batting - Pitching for Cincinnati Pride : RHP Denver Gallegos
Batting: RHB Roberto Solís 0-0: Ball
1-0: Ball
2-0: Ball
3-0: Foul Ball, location: 2F
3-1: Base on Balls
Batting: RHB Nick Harris 0-0: Ball
1-0: Ball
2-0: Ball
3-0: Called Strike
3-1: Called Strike
3-2: Fielders Choice at 2nd, 6-4 (Groundball, 6M)
Batting: RHB Ken McDonald 0-0: Ball
Nick Harris steals 2nd base
1-0: Ball
Nick Harris steals 3rd base
2-0: Ball
3-0: Called Strike
3-1: Base on Balls
Batting: LHB Tony O'Bryan 0-0: Ball
1-0: Swinging Strike
1-1: Foul Ball, location: 2F
1-2: Ball
2-2: Foul Ball, location: 2F
2-2: Fly out, F7 (Flyball, 78M)
Runner from 3rd tags up, SCORES, no throw
Batting: SHB Dave Henley 0-0: SINGLE (Line Drive, 56D)
Ken McDonald to second
Batting: SHB Conan Hanson 0-0: SINGLE (Line Drive, 7LS)
Ken McDonald to third
Dave Henley to second
Batting: RHB Aaron Washington 0-0: Ball
1-0: Ball
2-0: Ball
3-0: Base on Balls
Ken McDonald scores
Dave Henley to third
Conan Hanson to second
Batting: LHB Jesús Raugel 0-0: Ball
1-0: DOUBLE (Flyball, 8LXD)
Dave Henley scores
Conan Hanson scores
Aaron Washington to third
Runner from 3rd tries for Home, SAFE, no throw or cutoff
Pitching: RHP José Bruschy
Batting: LHB Todd Anderson 0-0: Called Strike
0-1: Foul Ball, location: 2F
0-2: Fly out, F8 (Flyball, 8RS)
Bottom of the 4th over - 5 run(s), 3 hit(s), 0 error(s), 1 left on base; Cincinnati 0 - Bemidji 6
TOP OF THE 5TH
Cincinnati Pride batting - Pitching for Bemidji Benders : RHP David Nanod
Batting: RHB Wilson Flores 0-0: Ball
1-0: Foul Ball, location: 2F
1-1: Ball
2-1: Swinging Strike
2-2: Ground out 5-3 (Groundball, 56)
Batting: LHB Ángel Tuzzi 0-0: Ball
1-0: Foul Ball, location: 2F
1-1: Ball
2-1: Swinging Strike
2-2: Strikes out swinging
Batting: RHB Randy Simons 0-0: Called Strike
0-1: Ball
1-1: Ground out 5-3 (Groundball, 5S)
Top of the 5th over - 0 run(s), 0 hit(s), 0 error(s), 0 left on base; Cincinnati 0 - Bemidji 6
BOTTOM OF THE 5TH
Bemidji Benders batting - Pitching for Cincinnati Pride : RHP José Bruschy
Batting: RHB Roberto Solís 0-0: Ground out 6-3 (Groundball, 6)
Batting: RHB Nick Harris 0-0: Swinging Strike
0-1: Ball
1-1: Ball
2-1: Foul Ball, location: 2F
2-2: Strikes out swinging
Batting: RHB Ken McDonald 0-0: Swinging Strike
0-1: Ground out 6-3 (Groundball, 6)
Bottom of the 5th over - 0 run(s), 0 hit(s), 0 error(s), 0 left on base; Cincinnati 0 - Bemidji 6
TOP OF THE 6TH
Cincinnati Pride batting - Pitching for Bemidji Benders : RHP David Nanod
Batting: RHB Micheal Banks 0-0: Foul Ball, location: 2F
0-1: Foul Ball, location: 2F
0-2: Strikes out swinging
Batting: RHB Bartolo Montero 0-0: Ball
1-0: Called Strike
1-1: Fly out, F2 (Popup, 2RF)
Batting: LHB Gerardo Guzmán 0-0: Ball
1-0: Called Strike
1-1: Ground out U3 (Groundball, 3)
Top of the 6th over - 0 run(s), 0 hit(s), 0 error(s), 0 left on base; Cincinnati 0 - Bemidji 6
BOTTOM OF THE 6TH
Bemidji Benders batting - Pitching for Cincinnati Pride : RHP José Bruschy
Batting: LHB Tony O'Bryan 0-0: Fly out, F7 (Flyball, 78M)
Batting: SHB Dave Henley 0-0: Fly out, F8 (Flyball, 8LM)
Batting: SHB Conan Hanson 0-0: Foul Ball, location: 2F
0-1: Swinging Strike
0-2: Ball
1-2: Foul Ball, location: 2F
1-2: Ball
2-2: Foul Ball, location: 2F
2-2: Ball
3-2: Fly out, F7 (Flyball, 78S)
Bottom of the 6th over - 0 run(s), 0 hit(s), 0 error(s), 0 left on base; Cincinnati 0 - Bemidji 6
TOP OF THE 7TH
Cincinnati Pride batting - Pitching for Bemidji Benders : RHP David Nanod
Batting: RHB Michael Skinner 0-0: Called Strike
0-1: Ground out 6-3 (Groundball, 6M)
Batting: LHB John Clark 0-0: Swinging Strike
0-1: Swinging Strike
0-2: Ball
1-2: Fly out, F6 (Popup, 6M)
Batting: RHB Norris Howard 0-0: Ball
1-0: Ground out 2-3 (Groundball, 2L)
Top of the 7th over - 0 run(s), 0 hit(s), 0 error(s), 0 left on base; Cincinnati 0 - Bemidji 6
BOTTOM OF THE 7TH
Bemidji Benders batting - Pitching for Cincinnati Pride : RHP José Bruschy
Pitching: RHP Rusty van Rhee
Batting: RHB Aaron Washington 0-0: Ball
1-0: Ball
2-0: SINGLE (Groundball, 34D)
Batting: LHB Jesús Raugel 0-0: Called Strike
Aaron Washington steals 2nd base
0-1: Ball
1-1: Ball
2-1: Swinging Strike
2-2: Ball
3-2: Strikes out looking
Batting: LHB Todd Anderson 0-0: Called Strike
0-1: Ground out 5-3 (Groundball, 15S)
Aaron Washington to third
Batting: RHB Roberto Solís 0-0: Ground out 4-3 (Groundball, 4)
Bottom of the 7th over - 0 run(s), 1 hit(s), 0 error(s), 1 left on base; Cincinnati 0 - Bemidji 6
TOP OF THE 8TH
Cincinnati Pride batting - Pitching for Bemidji Benders : RHP David Nanod
Now in LF: Simăo Polido
Batting: RHB Wilson Flores 0-0: Called Strike
0-1: Ball
1-1: Called Strike
1-2: Foul Ball, location: 2F
1-2: Ball
2-2: Foul Ball, location: 2F
2-2: Ball
3-2: Foul Ball, location: 2F
3-2: Strikes out swinging
Batting: LHB Ángel Tuzzi 0-0: Ball
1-0: Swinging Strike
1-1: Ball
2-1: Foul Ball, location: 2F
2-2: Strikes out looking
Batting: RHB Randy Simons 0-0: Ball
1-0: Foul Ball, location: 2F
1-1: Ball
2-1: Ball
3-1: Base on Balls
Batting: RHB Micheal Banks 0-0: Called Strike
0-1: Foul Ball, location: 2F
0-2: Strikes out swinging
Top of the 8th over - 0 run(s), 0 hit(s), 0 error(s), 1 left on base; Cincinnati 0 - Bemidji 6
BOTTOM OF THE 8TH
Bemidji Benders batting - Pitching for Cincinnati Pride : RHP Rusty van Rhee
Batting: RHB Nick Harris 0-0: Foul Ball, location: 2F
0-1: Swinging Strike
0-2: Ball
1-2: Ball
2-2: Ball
3-2: Strikes out looking
Batting: RHB Ken McDonald 0-0: Ground out 5-3 (Groundball, 56)
Batting: LHB Tony O'Bryan 0-0: Foul Ball, location: 2F
0-1: Swinging Strike
0-2: Ball
1-2: Ball
2-2: SINGLE (Line Drive, 4D)
Batting: SHB Dave Henley 0-0: SINGLE (Flyball, 7LS)
Tony O'Bryan to second
Batting: SHB Conan Hanson 0-0: Ball
1-0: Foul Ball, location: 2F
1-1: Foul Ball, location: 2F
1-2: Foul Ball, location: 2F
1-2: Ball
2-2: Foul Ball, location: 2F
2-2: SINGLE (Groundball, 23) (infield hit)
Tony O'Bryan to third
Dave Henley to second
Batting: RHB Aaron Washington 0-0: Ball
1-0: Ball
2-0: Foul Ball, location: 2F
2-1: Swinging Strike
2-2: Fly out, F6 (Popup, 56D)
Bottom of the 8th over - 0 run(s), 3 hit(s), 0 error(s), 3 left on base; Cincinnati 0 - Bemidji 6
TOP OF THE 9TH
Cincinnati Pride batting - Pitching for Bemidji Benders : RHP David Nanod
Now at 1B: Bruce Foster
Batting: RHB Bartolo Montero 0-0: Called Strike
0-1: Ball
1-1: Foul Ball, location: 2F
1-2: Strikes out swinging
Batting: LHB Gerardo Guzmán 0-0: Ball
1-0: Ball
2-0: Called Strike
2-1: Ball
3-1: Foul Ball, location: 2F
3-2: Base on Balls
Batting: RHB Michael Skinner 0-0: Foul Ball, location: 2F
Error on foul ball, E9
0-2: Strikes out swinging
Batting: LHB John Clark 0-0: Ball
1-0: Foul Ball, location: 2F
1-1: Ball
2-1: Ball
3-1: Base on Balls
Gerardo Guzmán to second
Batting: RHB Norris Howard 0-0: Ball
1-0: Ball
2-0: Ball
3-0: Called Strike
3-1: Fly out, F8 (Flyball, 8LXD)
Top of the 9th over - 0 run(s), 0 hit(s), 1 error(s), 2 left on base; Cincinnati 0 - Bemidji 6
This league is powered by Out of the Park Baseball, the baseball management simulation game for PC, Mac and Linux
Tuesday, August 2nd, 2016 - OOTP Baseball 16.8 Build 38